 Dungeon Crawl Stone Soup version 0.19-a0-1638-ga6c562e (webtiles) character file.

951 LORDOFBUTT the Covert (level 8, -1/52 HPs)
             Began as an Octopode Assassin on Sept 20, 2016.
             Slain by a wraith (10 damage)
             ... in an ossuary.
             The game lasted 00:04:58 (3607 turns).

LORDOFBUTT the Covert (Octopode Assassin)           Turns: 3607, Time: 00:04:59

Health: -1/52      AC:  1    Str: 10    XL:     8   Next: 13%
Magic:  8/8        EV: 14    Int: 14    God:
Gold:   156        SH:  0    Dex: 15    Spells: 0 memorised, 7 levels left

rFire  + . .     SeeInvis +     E - +3 short sword of Truncation {freeze, rF+ SInv}
rCold  . . .     Gourm    .     (no shield)
rNeg   . . .     Faith    .     (helmet restricted)
rPois  .         Spirit   .     u - amulet of regeneration
rElec  .         Dismiss  .     (no ring)
rCorr  .         Reflect  .     (no ring)
MR     .....     Harm     .     (no ring)
Stlth  ++++++....               (no ring)
                                (no ring)
                                (no ring)
                                (no ring)
                                (no ring)

@: slowed, very slow
A: almost no armour, stealthy swim, amphibious, 8 rings, constrict 8, camouflage
1, gelatinous body 1
a: no special abilities


You were in an ossuary.
You were not hungry.

You visited 1 branch of the dungeon, and saw 6 of its levels.
You also visited: Ossuary.

You collected 348 gold pieces.
You spent 192 gold pieces at shops.

Inventory:

Hand Weapons
 a - a +2 dagger
 b - a +0 blowgun
 E - the +3 short sword of Truncation (weapon) {freeze, rF+ SInv}
   (You bought it in a shop on level 5 of the Dungeon)

   It has been specially enchanted to freeze those struck by it, causing extra
   injury to most foes and up to half again as much damage against particularly
   susceptible opponents.
   It can also slow down cold-blooded creatures.
   It protects you from fire.
   It lets you see invisible.
Missiles
 c - 15 poisoned needles
 d - 2 curare-tipped needles
Jewellery
 u - an amulet of regeneration (around mantle)
 x - a -2 ring of dexterity
 A - a cursed ring of teleportation {unknown}
Wands
 r - a wand of acid (6/15)
 y - a wand of lightning (5/15)
 B - a wand of flame (26/48)
Scrolls
 g - 10 scrolls of identify
 h - 2 scrolls of recharging
 i - a scroll of remove curse
 j - 5 scrolls of teleportation
 k - 3 scrolls of enchant armour {unknown}
 l - a scroll of random uselessness {unknown}
 n - 2 scrolls of blinking {unknown}
 o - a scroll of amnesia {unknown}
 p - a scroll of fear {unknown}
 q - a scroll of fog {unknown}
 v - a scroll of magic mapping {unknown}
 D - a scroll of noise {unknown}
 J - a scroll of enchant weapon {unknown}
 K - a scroll of torment {unknown}
Potions
 e - a potion of curing
 s - 3 potions of heal wounds {unknown}
 t - 3 potions of degeneration {unknown}
 w - a potion of beneficial mutation {unknown}
 z - a potion of cancellation {unknown}
 F - a potion of resistance {unknown}
 G - 2 potions of might {unknown}
 H - a potion of lignification {unknown}
 L - 2 potions of berserk rage {unknown}
 M - a potion of magic {unknown}
 N - a potion of ambrosia {unknown}
Comestibles
 f - 2 bread rations
 m - 3 meat rations
 C - 2 beef jerkies
 I - a slice of pizza


   Skills:
 + Level 3.4 Fighting
 + Level 4.4 Short Blades
 + Level 2.0 Throwing
 + Level 2.6 Dodging
 + Level 11.2 Stealth


You had 7 spell levels left.
You didn't know any spells.

Dungeon Overview and Level Annotations

Branches:
Dungeon (6/15)
 Temple: D:4-7

Altars:
Dithmenos
Vehumet
Zin

Shops:
D:5 ([:[:


Innate Abilities, Weirdness & Mutations

You cannot wear most types of armour.
You are very stealthy in the water.
You are amphibious.
You can wear up to eight rings at the same time.
You can use your tentacles to constrict eight enemies at once.
Your skin changes colour to match your surroundings (Stealth+).
Your rubbery body absorbs attacks. (AC +1, EV +1)


Message History

The wraith is severely damaged.
The wraith hits you.
* * * LOW HITPOINT WARNING * * *
The wraith drains your vigour!
You feel as though you will be slow longer.
The wraith barely misses you.
You feel better. The wraith barely misses you.
You closely miss the wraith.
The wraith is severely damaged.
The wraith hits you!
* * * LOW HITPOINT WARNING * * *
The wraith drains your vigour!
You feel as though you will be slow longer.
You hit the wraith.
The wraith is severely damaged.
The wraith barely misses you. x2
You closely miss the wraith. You squeeze the wraith.
The wraith is severely damaged.
The wraith hits you!
You die...

###############
#.............#
#.'##.###.##W@#
#.#)#.#z#.#.#.#
#.###.###.###.#
#.............#
#.............#
#.###.....###.#
#.# #.....#z#.#
#.###.....###.#
#.............#


You could see a wraith and a flying skull.

Vanquished Creatures
  Sigmund (D:2)
  2 ogres
  2 wights (Ossuary)
  Crazy Yiuf (D:5)
  2 orc priests
  A jelly (D:5)
  An iguana (D:6)
  3 orc wizards
  Natasha (D:2)
  4 worker ants
  A hound zombie (D:3)
  4 adders
  3 oozes
  An adder zombie (D:5)
  2 worms (D:2)
  3 dart slugs
  3 leopard geckos
  11 orcs
  16 bats
  5 giant cockroaches
  8 goblins
  9 hobgoblins
  10 jackals
  8 kobolds
  A quokka (D:3)
  A ball python (D:3)
  A ball python skeleton (Ossuary)
  6 frilled lizards
  A hobgoblin zombie (Ossuary)
  5 orc zombies (Ossuary)
  4 rats
121 creatures vanquished.

Notes
Turn   | Place    | Note
-------+----------+-------------------------------------------
     0 | D:1      | LORDOFBUTT the Octopode Assassin began the quest for the Orb.
     0 | D:1      | Reached XP level 1. HP: 14/14 MP: 1/1
    66 | D:1      | Reached XP level 2. HP: 11/19 MP: 2/2
   264 | D:1      | Reached XP level 3. HP: 20/24 MP: 3/3
   269 | D:1      | Reached skill level 6 in Stealth
   530 | D:2      | Noticed Sigmund
   535 | D:2      | Killed Sigmund
   535 | D:2      | Reached skill level 8 in Stealth
   535 | D:2      | Reached XP level 4. HP: 30/30 MP: 4/4
   535 | D:2      | Reached XP level 5. HP: 35/35 MP: 5/5
   655 | D:2      | Found a faded altar of an unknown god.
   817 | D:2      | Reached XP level 6. HP: 41/41 MP: 6/6
  1044 | D:2      | Noticed Natasha
  1050 | D:2      | Killed Natasha
  1189 | D:3      | Reached skill level 9 in Stealth
  1492 | D:3      | Found a glowing silver altar of Zin.
  1962 | D:4      | Reached XP level 7. HP: 45/45 MP: 7/7
  2079 | D:4      | Reached skill level 10 in Stealth
  2261 | D:4      | Found a shadowy altar of Dithmenos.
  2292 | D:4      | Found a radiant altar of Vehumet.
  2448 | D:5      | Entered Level 5 of the Dungeon
  2479 | D:5      | Found Koischue's Antique Armour Boutique.
  2495 | D:5      | Found a runed door.
  2543 | D:5      | Found Banas's Antique Weapon Emporium.
  2548 | D:5      | Bought an ebony short sword for 192 gold pieces
  2548 | D:5      | Identified the +3 short sword of Truncation {freeze, rF+ SInv} (You bought it in a shop on level 5 of the Dungeon)
  2947 | D:5      | Found Lirrican's Book Shop.
  2973 | D:5      | Found Caawkem's Armour Shoppe.
  3020 | D:5      | Found Hacusser's Book Boutique.
  3170 | D:5      | Noticed Crazy Yiuf
  3174 | D:5      | Killed Crazy Yiuf
  3364 | D:6      | Reached XP level 8. HP: 44/52 MP: 8/8
  3439 | D:6      | Found a sand-covered staircase.
  3446 | Ossuary  | Entered an ossuary
  3489 | Ossuary  | Reached skill level 11 in Stealth
  3536 | Ossuary  | Noticed a flying skull
  3536 | Ossuary  | Noticed a wraith
  3568 | Ossuary  | Noticed a flying skull
  3586 | Ossuary  | Noticed a flying skull
  3593 | Ossuary  | Noticed a wraith
  3607 | Ossuary  | Slain by a wraith

Vault maps used:
D:1:      lemuel_arrival_room, minmay_pentomino_t2
D:2:      ecumenical_altar_1, uniq_natasha, uniq_sigmund
D:3:      lemuel_round_altar, first_bread, minmay_statues_item,
          hangedman_decor_growths
D:4:      overflow_temple_1_default, nicolae_overflow_hidden_temple,
          serial_park_tiny_2
D:5:      serial_shops, nicolae_shop_stone, shop, shop, nicolae_shop_waterfront,
          shop, uniq_crazy_yiuf_cottage
D:6:      kennysheep_little_box, makhleb_blood_cavern_becter,
          gup_ossuary_entry_pyramid
Ossuary:  ossuary_due_cavern

Skill      XL: |  1  2  3  4  5  6  7  8 |
---------------+-------------------------+-----
Stealth        | 8 9 10 11 | 11.2
Short Blades   | 3 4 |  4.4
Dodging        | 2 |  2.6
Fighting       | 3 |  3.4
Throwing       | |  2.0

Action                   |  1- 3 |  4- 6 |  7- 9 || total
-------------------------+-------+-------+-------++-------
Melee: Dagger            |    45 |   108 |     7 ||   160
       Constrict         |    11 |    25 |    13 ||    49
       Tentacles         |     6 |    24 |    13 ||    43
       Short sword       |       |       |    79 ||    79
  Use: Scroll            |       |     3 |     2 ||     5
       Potion            |       |       |     3 ||     3
 Stab: Sleeping          |     6 |    28 |    17 ||    51
       Distracted        |       |       |     2 ||     2
  Eat: Bread ration      |       |     1 |       ||     1
       Meat ration       |       |       |     1 ||     1
       Chunk             |       |       |     1 ||     1
Armor: Skin              |     6 |     7 |     2 ||    15
Dodge: Dodged            |    34 |    50 |    72 ||   156
